AoeStats
← Papi-etoilette

MegaRandom

505482522Analyzed
2v2 RM · 22d ago on Sep 9, 2026· 36m 37s· 4 players
Game mode
Random Map
Map size
Medium (4 player)
Population
200
Speed
Normal
Resources
Standard
Victory
Conquest
Starting age
Dark Age
Ending age
Imperial Age
RankedLock teamsTeams togetherTeam positionsShared explorationLock speedFull tech treeHidden civsTurbo modeCheats
Victory
Defeat
🇪🇸 Hindustanis · Spain
1208
+11
🇯🇵 Bohemians · Japan
1184
+13
🇫🇷 Khmer · France
1112
-12
🇫🇷 Franks · France
1101
-12
MASACRE
7:41 Loom
10:03 Feudal Age
16:24 Double-Bit Axe
17:40 Wheelbarrow
20:40 Castle Age
18:55 Horse Collar
20:01 Gold Mining
21:29 Scale Barding Armor
21:35 Forging
21:56 Bloodlines
21:47 Husbandry
27:23 Chain Barding Armor
29:43 Iron Casting
Walter2000
10:14 Loom
12:00 Feudal Age
17:15 Castle Age
17:59 Double-Bit Axe
19:00 Horse Collar
20:39 Fervor
20:51 Sanctity
20:51 Bow Saw
23:24 Chemistry
25:35 Fletching
26:52 Wheelbarrow
26:17 Bodkin Arrow
33:43 Imperial Age
32:47 Hand Cart
33:28 Forging
33:19 Scale Mail Armor
34:14 Pikeman
34:56 Squires
35:12 Bracer
Papi-etoilette
10:23 Feudal Age
8:38 Loom
16:45 Double-Bit Axe
21:40 Castle Age
20:47 Wheelbarrow
22:35 Stone Mining
26:21 Scale Barding Armor
26:28 Forging
27:28 Husbandry
31:32 Chain Barding Armor
37:22 Imperial Age
35:14 Hand Cart
34:46 Town Watch
Tavern
6:54 Loom
9:28 Feudal Age
12:13 Double-Bit Axe
16:25 Scale Barding Armor
18:55 Horse Collar
19:46 Forging
22:16 Castle Age
21:15 Bloodlines
22:19 Fletching
23:20 Chain Barding Armor
24:56 Gold Mining
25:26 Heavy Plow
25:42 Bow Saw
29:01 Pikeman
31:57 Scale Mail Armor
36:52 Chain Mail Armor
Connection lost

Rejoining the realm…

Still unreachable

The connection could not be restored.

Session expired

The server has moved on; the page needs a fresh start.